EL
HARRISBURG SENATORS @ PENSACOLA BLUE WAHOOS
07/05/2044
 
TOP OF THE 1ST
Harrisburg Senators batting - Pitching for Pensacola Blue Wahoos : RHP Jalen Patterson
Pitching: RHP Jalen Patterson
Batting: LHB Diego Muniz 0-0: Ball
1-0: Ground out 6-3 (Groundball, 56, EV 90.6 MPH)
Batting: RHB Marcus Dawson 0-0: Swinging Strike
0-1: Foul Ball, location: 2F
0-2: Ball
1-2: Ground out 6-3 (Groundball, 6, EV 83.1 MPH)
Batting: RHB Donovan Auclair 0-0: Ball
1-0: Foul Ball, location: 2F
1-1: Ball
2-1: Ball
3-1: Called Strike
3-2: Strikes out looking
Top of the 1st over - 0 runs, 0 hits, 0 errors, 0 left on base; Harrisburg 0 - Pensacola 0
BOTTOM OF THE 1ST
Pensacola Blue Wahoos batting - Pitching for Harrisburg Senators : LHP Ian Bell
Pitching: LHP Ian Bell
Batting: RHB Solange Le Coq 0-0: Ball
1-0: Called Strike
1-1: Ball
2-1: SOLO HOME RUN (Flyball, 78XD, EV 110.6 MPH), Distance : 412 ft
Batting: RHB Pedro Pinero 0-0: Fly out, F3 (Popup, 3S, EV 78.8 MPH)
Batting: RHB Joseph Kirchmann 0-0: Ground out 5-3 (Groundball, 56S, EV 66.3 MPH)
Batting: RHB Tim Wormell 0-0: Ball
1-0: Foul Ball, location: 2F
1-1: Called Strike
1-2: Ball
2-2: Strikes out looking
Bottom of the 1st over - 1 run, 1 hit, 0 errors, 0 left on base; Harrisburg 0 - Pensacola 1
TOP OF THE 2ND
Harrisburg Senators batting - Pitching for Pensacola Blue Wahoos : RHP Jalen Patterson
Batting: RHB Deshawn Boseman 0-0: Ball
1-0: Ball
2-0: Called Strike
2-1: SINGLE (Line Drive, 7S, EV 103.8 MPH)
Batting: RHB Jim Towle 0-0: Ball
1-0: Foul Ball, location: 2F
1-1: Fielders Choice at 2nd, 4-6 (Groundball, 4, EV 100.0 MPH)
Batting: RHB Brennan Cameron 0-0: Called Strike
0-1: Ball
1-1: Ball
Jim Towle steals 2nd base
2-1: Foul Ball, location: 2F
2-2: SINGLE (Line Drive, 89S, EV 88.8 MPH)
Jim Towle to third
Batting: LHB Adam Jacobs 0-0: SINGLE (Groundball, 6D, EV 95.0 MPH)
Jim Towle scores
Brennan Cameron to second
Batting: RHB Chris Pynn 0-0: Ball
1-0: Reached on error, E6 (Groundball, 6, EV 83.8 MPH)
Brennan Cameron to third
Adam Jacobs to second
Batting: RHB Haykuhi Kagramanian 0-0: Ball
1-0: Ball
2-0: Ball
3-0: Called Strike
3-1: Foul Ball, location: 2F
3-2: Grounds into double play, 5-4-3 (Groundball, 56, EV 102.5 MPH)
Top of the 2nd over - 1 run, 3 hits, 1 error, 2 left on base; Harrisburg 1 - Pensacola 1
BOTTOM OF THE 2ND
Pensacola Blue Wahoos batting - Pitching for Harrisburg Senators : LHP Ian Bell
Batting: RHB Danny Powell 0-0: Called Strike
0-1: Hit by Pitch
Batting: LHB Manny Ruvalcaba 0-0: Ball
1-0: Called Strike
1-1: Ball
2-1: Swinging Strike
2-2: Ground out 6-3 (Groundball, 4, EV 109.4 MPH)
Danny Powell to second
Batting: LHB Steven Wamble 0-0: Ball
1-0: Foul Ball, location: 2F
1-1: Ball
2-1: SINGLE (Groundball, 3D, EV 101.9 MPH)
Danny Powell to third
Runner from 3rd tries for Home, SAFE, throw by RF to home
Batting: RHB Jose Caraballo 0-0: Swinging Strike
0-1: Swinging Strike
0-2: Strikes out swinging
Batting: SHB Jared Thomas 0-0: Ball
1-0: Foul Ball, location: 2F
1-1: Foul Ball, location: 2F
1-2: Ball
2-2: Ground out 4-3 (Groundball, 4, EV 88.8 MPH)
Bottom of the 2nd over - 1 run, 1 hit, 0 errors, 1 left on base; Harrisburg 1 - Pensacola 2
TOP OF THE 3RD
Harrisburg Senators batting - Pitching for Pensacola Blue Wahoos : RHP Jalen Patterson
Batting: LHB Diego Muniz 0-0: Ball
1-0: Ground out 3-1 (Groundball, 34S, EV 78.1 MPH)
Batting: RHB Marcus Dawson 0-0: Ball
1-0: Foul Ball, location: 2F
1-1: Bunt - Flyout to 23! F3
Batting: RHB Donovan Auclair 0-0: Ground out 4-3 (Groundball, 4M, EV 90.6 MPH)
Top of the 3rd over - 0 runs, 0 hits, 0 errors, 0 left on base; Harrisburg 1 - Pensacola 2
BOTTOM OF THE 3RD
Pensacola Blue Wahoos batting - Pitching for Harrisburg Senators : LHP Ian Bell
Batting: RHB Solange Le Coq 0-0: Ball
1-0: Ground out 5-3 (Groundball, P, EV 82.5 MPH)
Batting: RHB Pedro Pinero 0-0: Ball
1-0: Foul Ball, location: 2F
1-1: Ball
2-1: Called Strike
2-2: Fly out, F9 (Flyball, 9LM, EV 85.6 MPH)
Batting: RHB Joseph Kirchmann 0-0: Ball
1-0: Called Strike
1-1: Foul Ball, location: 2F
1-2: Strikes out swinging
Bottom of the 3rd over - 0 runs, 0 hits, 0 errors, 0 left on base; Harrisburg 1 - Pensacola 2
TOP OF THE 4TH
Harrisburg Senators batting - Pitching for Pensacola Blue Wahoos : RHP Jalen Patterson
Batting: RHB Deshawn Boseman 0-0: Called Strike
0-1: Fly out, F8 (Flyball, 8LD, EV 91.9 MPH)
Batting: RHB Jim Towle 0-0: Ball
1-0: Foul Ball, location: 2F
1-1: Swinging Strike
1-2: Ground out 5-3 (Groundball, 56S, EV 68.1 MPH)
Batting: RHB Brennan Cameron 0-0: Ground out 5-3 (Groundball, 56, EV 91.3 MPH)
Top of the 4th over - 0 runs, 0 hits, 0 errors, 0 left on base; Harrisburg 1 - Pensacola 2
BOTTOM OF THE 4TH
Pensacola Blue Wahoos batting - Pitching for Harrisburg Senators : LHP Ian Bell
Batting: RHB Tim Wormell 0-0: Ball
1-0: Foul Ball, location: 2F
1-1: Foul Ball, location: 2F
1-2: Foul Ball, location: 2F
1-2: Foul Ball, location: 2F
1-2: Ground out 6-3 (Groundball, 6, EV 102.5 MPH)
Batting: RHB Danny Powell 0-0: Hit by Pitch
Pinch Runner at 1st Jon Marquez:
Batting: LHB Manny Ruvalcaba 0-0: Ball
1-0: Called Strike
1-1: Ball
Jon Marquez steals 2nd base
2-1: Swinging Strike
2-2: Ball
3-2: Ground out 4-3 (Groundball, 4, EV 80.6 MPH)
Jon Marquez to third
Batting: LHB Steven Wamble 0-0: Fly out, F7 (Flyball, 7LM, EV 77.5 MPH)
Bottom of the 4th over - 0 runs, 0 hits, 0 errors, 1 left on base; Harrisburg 1 - Pensacola 2
TOP OF THE 5TH
Harrisburg Senators batting - Pitching for Pensacola Blue Wahoos : RHP Jalen Patterson
Batting: LHB Adam Jacobs 0-0: Ball
1-0: Swinging Strike
1-1: Ball
2-1: Ground out 1-3 (Groundball, 13, EV 71.3 MPH)
Batting: RHB Chris Pynn 0-0: Ball
1-0: Ball
2-0: Foul Ball, location: 2F
2-1: Foul Ball, location: 2F
2-2: SINGLE (Groundball, 4MD, EV 100.0 MPH)
Batting: RHB Haykuhi Kagramanian 0-0: Swinging Strike
0-1: Swinging Strike
0-2: Ball
1-2: Ball
2-2: Fly out, F3 (Flyball, 3D, EV 71.9 MPH)
Batting: LHB Diego Muniz 0-0: Fly out, F9 (Flyball, 9, EV 93.1 MPH)
Top of the 5th over - 0 runs, 1 hit, 0 errors, 1 left on base; Harrisburg 1 - Pensacola 2
BOTTOM OF THE 5TH
Pensacola Blue Wahoos batting - Pitching for Harrisburg Senators : LHP Ian Bell
Batting: RHB Jose Caraballo 0-0: Ball
1-0: Ball
2-0: Ball
3-0: Called Strike
3-1: Swinging Strike
3-2: Foul Ball, location: 2F
3-2: Strikes out swinging
Batting: SHB Jared Thomas 0-0: Called Strike
0-1: Foul Ball, location: 2F
0-2: Foul Ball, location: 2F
0-2: Foul Ball, location: 2F
0-2: Ball
1-2: Foul Ball, location: 2F
1-2: Strikes out swinging
Batting: RHB Solange Le Coq 0-0: Ball
1-0: Ball
2-0: Ground out 6-3 (Groundball, 6, EV 111.3 MPH)
Bottom of the 5th over - 0 runs, 0 hits, 0 errors, 0 left on base; Harrisburg 1 - Pensacola 2
TOP OF THE 6TH
Harrisburg Senators batting - Pitching for Pensacola Blue Wahoos : RHP Jalen Patterson
Batting: RHB Marcus Dawson 0-0: Ball
1-0: Ground out 6-3 (Groundball, 56, EV 79.4 MPH)
Batting: RHB Donovan Auclair 0-0: Ball
1-0: Foul Ball, location: 2F
1-1: Foul Ball, location: 2F
1-2: Strikes out swinging
Batting: RHB Deshawn Boseman 0-0: Fly out, F9 (Flyball, 9LS, EV 87.5 MPH)
Top of the 6th over - 0 runs, 0 hits, 0 errors, 0 left on base; Harrisburg 1 - Pensacola 2
BOTTOM OF THE 6TH
Pensacola Blue Wahoos batting - Pitching for Harrisburg Senators : LHP Ian Bell
Batting: RHB Pedro Pinero 0-0: Called Strike
0-1: Ball
1-1: Fly out, F5 (Flyball, 5D, EV 76.9 MPH)
Batting: RHB Joseph Kirchmann 0-0: Fly out, F7 (Flyball, 78D, EV 80.0 MPH)
Batting: RHB Tim Wormell 0-0: Foul Ball, location: 2F
0-1: Ball
1-1: Ground out 6-3 (Groundball, 56, EV 105.6 MPH)
Bottom of the 6th over - 0 runs, 0 hits, 0 errors, 0 left on base; Harrisburg 1 - Pensacola 2
TOP OF THE 7TH
Harrisburg Senators batting - Pitching for Pensacola Blue Wahoos : RHP Jalen Patterson
Batting: RHB Jim Towle 0-0: Called Strike
0-1: Ball
1-1: Called Strike
1-2: Strikes out swinging
Batting: LHB Shinji Adachi 0-0: Ground out 5-3 (Groundball, 6D, EV 98.8 MPH)
Batting: LHB Adam Jacobs 0-0: Ball
1-0: Ball
2-0: Ground out 5-3 (Groundball, 56S, EV 63.1 MPH)
Top of the 7th over - 0 runs, 0 hits, 0 errors, 0 left on base; Harrisburg 1 - Pensacola 2
BOTTOM OF THE 7TH
Pensacola Blue Wahoos batting - Pitching for Harrisburg Senators : LHP Ian Bell
Batting: RHB Jon Marquez 0-0: Ball
1-0: Called Strike
1-1: Ball
2-1: Foul Ball, location: 2F
2-2: Strikes out swinging
Batting: LHB Manny Ruvalcaba 0-0: Ball
1-0: Ground out 6-3 (Groundball, 4MD, EV 109.4 MPH)
Batting: LHB Steven Wamble 0-0: Ball
1-0: Swinging Strike
1-1: Ball
2-1: Swinging Strike
2-2: Strikes out swinging
Bottom of the 7th over - 0 runs, 0 hits, 0 errors, 0 left on base; Harrisburg 1 - Pensacola 2
TOP OF THE 8TH
Harrisburg Senators batting - Pitching for Pensacola Blue Wahoos : RHP Jalen Patterson
Batting: RHB Chris Pynn 0-0: Foul Ball, location: 2F
0-1: Ball
1-1: Ball
2-1: Called Strike
2-2: Strikes out looking
Pitching: RHP Mario Quezada
Pinch Hitting: LHB Erik Beezley 0-0: Ball
1-0: Ground out 1-3 (Groundball, 15S, EV 70.6 MPH)
Batting: LHB Diego Muniz 0-0: Ball
1-0: Called Strike
1-1: Called Strike
1-2: Ground out 6-3 (Groundball, 56, EV 101.3 MPH)
Top of the 8th over - 0 runs, 0 hits, 0 errors, 0 left on base; Harrisburg 1 - Pensacola 2
BOTTOM OF THE 8TH
Pensacola Blue Wahoos batting - Pitching for Harrisburg Senators : LHP Ian Bell
Now at 3B: Adam Jacobs
Now in LF: Erik Beezley
Batting: RHB Jose Caraballo 0-0: Ball
1-0: Swinging Strike
1-1: Ball
2-1: Foul Ball, location: 2F
2-2: Strikes out looking
Batting: SHB Jared Thomas 0-0: Called Strike
0-1: SINGLE (Groundball, 34D, EV 103.1 MPH)
Batting: RHB Solange Le Coq 0-0: Ball
1-0: Reached on error, E6 (Groundball, 6, EV 85.6 MPH)
Jared Thomas to second
Pitching: RHP Josh Mott
Batting: RHB Pedro Pinero 0-0: Called Strike
0-1: Foul Ball, location: 2F
0-2: Foul Ball, location: 2F
0-2: Ball
1-2: Foul Ball, location: 2F
1-2: Foul Ball, location: 2F
1-2: SINGLE (Line Drive, 3D, EV 106.3 MPH)
Jared Thomas to third
Solange Le Coq to second
Runner from 3rd tries for Home, SAFE, throw by RF to home
Batting: RHB Joseph Kirchmann 0-0: Ball
Solange Le Coq steals 3rd base
1-0: Ball
2-0: Called Strike
2-1: Called Strike
Pedro Pinero steals 2nd base
2-2: Foul Ball, location: 2F
2-2: Fly out, F8 (Flyball, 8RD, EV 92.5 MPH)
Batting: RHB Tim Wormell 0-0: Ground out 6-3 (Groundball, 6, EV 97.5 MPH)
Bottom of the 8th over - 1 run, 2 hits, 1 error, 2 left on base; Harrisburg 1 - Pensacola 3
TOP OF THE 9TH
Harrisburg Senators batting - Pitching for Pensacola Blue Wahoos : RHP Mario Quezada
Pitching: RHP Ben Jennings
Batting: RHB Marcus Dawson 0-0: Called Strike
0-1: Foul Ball, location: 2F
0-2: Ball
1-2: Ground out 4-3 (Groundball, 4M, EV 84.4 MPH)
Batting: RHB Donovan Auclair 0-0: Ball
1-0: Called Strike
1-1: Foul Ball, location: 2F
1-2: SINGLE (Groundball, 6MD, EV 95.0 MPH)
Batting: RHB Deshawn Boseman 0-0: Called Strike
0-1: Ball
1-1: Swinging Strike
1-2: Fly out, F8 (Flyball, 8LXD, EV 104.4 MPH)
Batting: RHB Jim Towle 0-0: Fielders Choice at 2nd, 6-4 (Groundball, 56D, EV 81.3 MPH)
Top of the 9th over - 0 runs, 1 hit, 0 errors, 1 left on base; Harrisburg 1 - Pensacola 3
Thursday, March 31st , 2022 - OOTP Baseball 22.12 Build 89